 Dungeon Crawl Stone Soup version 0.25-a0-566-g062765be81 (webtiles) character file.

Game seed: 6346149852575392849, levelgen mode: deterministic

65450 Flugslaktarn the Severer (level 14, -5/133 HPs)
             Began as a Minotaur Fighter on Feb 27, 2020.
             Was an Initiate of Gozag.
             Shot with a bolt by a naga sharpshooter (23 damage)
             ... on level 4 of the Snake Pit.
             The game lasted 00:10:45 (16363 turns).

Flugslaktarn the Severer (Minotaur Fighter)        Turns: 16363, Time: 00:10:46

Health: -5/133     AC: 23    Str: 28    XL:     14   Next: 75%
Magic:  13/13      EV:  6    Int:  5    God:    Gozag
Gold:   1383       SH: 18    Dex: 13    Spells: 13/13 levels left

rFire    + + .     SeeInvis .   b - +5 hand axe (elec)
rCold    x . .     Gourm    .   W - +0 kite shield {AC+3}
rNeg     . . .     Faith    .   O - +2 chain mail {rPois}
rPois    +         Spirit   .   (helmet restricted)
rElec    .         Reflect  +   g - +1 cloak
rCorr    .         Harm     .   c - +0 pair of gloves {Dex+3}
MR       +....                  (no boots)
Stlth    ..........             G - +4 amulet of reflection
HPRegen  0.32/turn              f - ring of protection from fire
MPRegen  0.13/turn              w - ring "Weapsit" {Fire *Contam rPois Str+2}

@: mighty, lethally poisoned (-5 -> -9), gold aura, hasted, constricted,
studying Armour, very quick
A: retaliatory headbutt, horns 2
a: Potion Petition, Call Merchant, Bribe Branch, Renounce Religion


You were on level 4 of the Snake Pit.
You worshipped Gozag.
Gozag was most pleased with you.
You were not hungry.

You visited 3 branches of the dungeon, and saw 20 of its levels.

You collected 4524 gold pieces.
You spent 770 gold pieces at shops.
You paid 2371 gold pieces to Gozag.

Inventory:

Hand Weapons
 a - a +2 hand axe of flaming
   (You took it off a big kobold on level 10 of the Dungeon)
 b - a +5 hand axe of electrocution (weapon)
   (You took it off an orc on level 4 of the Dungeon)
 u - a +0 broad axe
   (You bought it in a shop on level 8 of the Dungeon)
 I - a +0 war axe
 N - the +7 hand axe "Catzam" {drain, rElec rC- Dex+6}
   (You found it on level 11 of the Dungeon)

   A truly terrible weapon, it drains the life of those it strikes.
   It affects your dexterity (+6).
   It makes you vulnerable to cold.
   It insulates you from electricity.
Missiles
 j - 3 throwing nets (quivered)
Armour
 c - a +0 pair of gloves of dexterity (worn)
   (You bought it in a shop on level 3 of the Lair of Beasts)
 g - a +1 cloak (worn)
   (You found it on level 1 of the Dungeon)
 O - a +2 chain mail of poison resistance (worn)
   (You took it off an orc warrior on level 11 of the Dungeon)
 W - a +0 kite shield of protection (worn)
   (You bought it in a shop on level 3 of the Lair of Beasts)
Jewellery
 f - a ring of protection from fire (left hand)
   (You found it on level 10 of the Dungeon)
 i - an uncursed ring of see invisible
   (You found it on level 11 of the Dungeon)
 w - the ring "Weapsit" (right hand) {Fire *Contam rPois Str+2}
   (You found it on level 9 of the Dungeon)

   [ring of fire]

   It enhances your fire magic.
   It affects your strength (+2).
   It protects you from fire.
   It makes you vulnerable to cold.
   It protects you from poison.
   It causes magical contamination when unequipped.
 y - a +2 ring of strength
   (You found it on level 7 of the Dungeon)
 G - a +4 amulet of reflection (around neck)
   (You found it on level 13 of the Dungeon)
 S - an uncursed ring of protection from fire
   (You found it on level 2 of the Lair of Beasts)
Wands
 m - a wand of paralysis (18)
   (You found it on level 5 of the Dungeon)
 v - a wand of digging (5)
   (You found it on level 6 of the Dungeon)
 A - a wand of scattershot (8)
   (You found it on level 12 of the Dungeon)
 B - a wand of clouds (5)
   (You found it on level 9 of the Dungeon)
 J - a wand of acid (13)
   (You found it on level 10 of the Dungeon)
Scrolls
 l - 2 scrolls of remove curse
 s - 2 scrolls of magic mapping
 t - 8 scrolls of teleportation
 z - 2 scrolls of blinking
 P - a scroll of enchant weapon
 V - a scroll of immolation
Potions
 k - 2 potions of ambrosia
 o - 2 potions of brilliance
 p - 3 potions of stabbing
 q - 4 potions of curing
 C - a potion of resistance
 D - a potion of lignification
 E - a potion of degeneration {unknown}
 F - 3 potions of flight
 L - a potion of mutation {unknown}
 M - a potion of magic
 R - a potion of cancellation {unknown}
Books
 T - a manual of Armour
   (You acquired it on level 11 of the Dungeon)
Comestibles
 e - 15 rations


   Skills:
 + Level 14.5 Fighting
 - Level 18.0 Axes
 + Level 16.8 Armour
 + Level 14.4 Shields


You had 13 spell levels left.
You didn't know any spells.
Your spell library was empty.

Dungeon Overview and Level Annotations

Branches:
Dungeon (13/15)            Temple (0/1) D:7            Lair (3/6) D:10
 Shoals (0/4) Lair:2        Snake (4/4) Lair:3          Orc (0/2) D:11
 Vaults (0/5) D:13

Altars:
Ashenzari
Cheibriados
Elyvilon
Gozag
Nemelex Xobeh
Qazlal
Trog
Uskayaw
Yredelemnul

Shops:
D:7 !!   D:8 (   D:10 !   D:13 }   Lair:3 *[


Innate Abilities, Weirdness & Mutations

You reflexively headbutt those who attack you in melee.
You have a pair of horns on your head.


Message History

The naga mage looks more healthy.
The anaconda bites you!
* * * LOW HITPOINT WARNING * * *
The anaconda constricts you.
You feel yourself speed up.
* * * LOW HITPOINT WARNING * * *
You are more poisoned.
You block the anaconda's attack.
* * * LOW HITPOINT WARNING * * *
The anaconda constricts you. The anaconda barely misses you.
You furiously retaliate!
You headbutt the anaconda!
* * * LOW HITPOINT WARNING * * *
The anaconda constricts you.
It was a potion of magic.
Magic courses through your body.
You feel sick.
* * * LOW HITPOINT WARNING * * *
You block the anaconda's attack. The anaconda constricts you.
The naga sharpshooter gestures wildly while chanting.
The naga sharpshooter magically shoots a bolt.
The bolt hits you!!
You die...
Your body crumbles into a pile of gold.

.. ...... #.!....... ......
#.....$..# #. #....######
##........####.. #.........
............... #........#
##............. #.......##
##..............
#.....N)S###N..............
#...$SN.NS@...$............
#.....############$).......
#..$(.# #.$....... #.....#
$ #......... #.....#
+......... .....S.#
#..$...... ......N.N#
#....$$$.. #........#
##....$($.. ..........
............


You could see a naga sharpshooter, an anaconda, a naga ritualist, a shock
serpent, a mana viper, a naga mage and a naga.

Vanquished Creatures
  Rupert (D:13)
  2 nagarajas (Snake:3)
  Aizul (Snake:1)
  Erolcha (D:11)
  Harold (D:8)
  2 hydras
  A catoblepas (D:13)
  2 centaur warriors (D:13)
  3 naga warriors
  5 anacondas
  3 two-headed ogres
  A tengu warrior (D:13)
  2 naga sharpshooters
  5 shock serpents
  Urug (D:13)
  Nergalle (Lair:1)
  A salamander mystic (Snake:3)
  2 unseen horrors
  A naga ritualist (Snake:4)
  A mana viper (Snake:3)
  A wolf spider zombie (D:9)
  3 ugly things
  A deep elf mage (D:11)
  4 salamanders
  A cyclops (D:11)
  3 centaur zombies
  2 manticores
  A guardian serpent (Snake:2)
  17 black mambas
  5 gargoyles
  Maggie (Lair:2)
  A kobold demonologist (D:9)
  An efreet (D:13)
  A komodo dragon (D:10)
  3 trolls
  2 dream sheep (D:10)
  7 hippogriffs
  10 slime creatures
  38 yaks
  20 humans
  A basilisk (Lair:1)
  2 wyverns
  2 wargs (D:10)
  2 acid dragons (D:12)
  10 nagas
  A soldier ant (D:13)
  6 water moccasins
  2 porcupines
  9 orc warriors
  7 sky beasts
  3 phantoms
  5 ice beasts
  2 hornet zombies
  4 ogres
  22 centaurs
  4 crocodiles
  4 big kobolds
  17 bullfrogs
  A gnoll sergeant (D:11)
  3 scorpions
  16 killer bees
  4 howler monkeys
  3 wights (D:11)
  An electric eel (D:10)
  2 bullfrog zombies (D:11)
  3 crimson imps
  A gnoll shaman (D:10)
  3 hounds
  3 jellies
  4 centaur skeletons
  17 orc priests
  4 bullfrog skeletons
  8 iguanas
  Natasha (D:2)
  10 orc wizards
  10 worker ants
  A hound zombie (D:5)
  2 hound skeletons
  A worker ant zombie (D:11)
  7 gnolls
  22 adders
  3 shadow imps
  2 oozes
  3 adder zombies
  2 adder skeletons (D:4)
  A worm (D:6)
  A dart slug (D:1)
  3 leopard geckos
  45 orcs
  3 ball pythons (Lair:3)
  2 bats
  6 giant cockroaches
  2 gnoll zombies (D:9)
  2 goblins
  3 hobgoblins
  4 jackals (D:5)
  7 kobolds (D:11)
  5 quokkas
  A frilled lizard (D:4)
  A jackal skeleton (D:4)
  A quokka zombie (D:6)
  3 rats
  A plant (Lair:3)
490 creatures vanquished.

Vanquished Creatures (others)
  A naga sharpshooter (Snake:3)
  2 fungi (Lair:2)
  A plant (Lair:2)
4 creatures vanquished.

Grand Total: 494 creatures vanquished

Notes
Turn   | Place    | Note
-------+----------+-------------------------------------------
     0 | D:1      | Flugslaktarn the Minotaur Fighter began the quest for the
                  | Orb.
     0 | D:1      | Reached XP level 1. HP: 19/19 MP: 0/0
   116 | D:1      | Reached XP level 2. HP: 27/27 MP: 1/1
   162 | D:1      | Found a shattered altar of Ashenzari.
   223 | D:2      | Reached skill level 3 in Axes
   299 | D:2      | Noticed Natasha
   304 | D:2      | Killed Natasha
   304 | D:2      | Reached XP level 3. HP: 28/33 MP: 2/2
   414 | D:3      | Noticed a phantom
   440 | D:3      | Killed a phantom
   440 | D:3      | Reached skill level 4 in Axes
   440 | D:3      | Reached XP level 4. HP: 16/41 MP: 3/3
   640 | D:3      | Reached XP level 5. HP: 38/47 MP: 4/4
   820 | D:4      | Reached skill level 5 in Axes
  1158 | D:4      | Reached XP level 6. HP: 49/55 MP: 5/5
  1538 | D:4      | Reached skill level 5 in Fighting
  1576 | D:4      | Reached skill level 5 in Armour
  1576 | D:4      | Reached skill level 5 in Shields
  1710 | D:4      | Found a white marble altar of Elyvilon.
  1712 | D:4      | Found a hide-covered altar of Uskayaw.
  2024 | D:4      | Found an opulent altar of Gozag.
  2026 | D:4      | Found a snail-covered altar of Cheibriados.
  2079 | D:5      | Entered Level 5 of the Dungeon
  2477 | D:5      | Reached skill level 6 in Axes
  2477 | D:5      | Reached XP level 7. HP: 56/61 MP: 6/6
  3268 | D:4      | Became a worshipper of Gozag Ym Sagoz the Greedy
  3384 | D:6      | Noticed a human
  3386 | D:6      | Noticed a human
  3387 | D:6      | Noticed a human
  3394 | D:6      | Killed a human
  3394 | D:6      | Reached skill level 7 in Axes
  3397 | D:6      | Killed a human
  3397 | D:6      | Reached XP level 8. HP: 69/70 MP: 7/7
  3447 | D:6      | Reached skill level 8 in Axes
  3795 | D:6      | Reached skill level 9 in Axes
  3974 | D:6      | Reached XP level 9. HP: 56/79 MP: 8/8
  4217 | D:7      | Found Pompuf's Distillery.
  4222 | D:7      | Bought a potion of haste for 140 gold pieces
  4348 | D:7      | Found a bloodstained altar of Trog.
  4398 | D:7      | Found a sparkling altar of Nemelex Xobeh.
  4429 | D:7      | Found Idavet's Distillery.
  4436 | D:7      | Bought 2 potions of heal wounds for 130 gold pieces
  4711 | D:7      | Found a staircase to the Ecumenical Temple.
  5044 | D:8      | Noticed Harold
  5057 | D:8      | Killed Harold
  5057 | D:8      | Reached skill level 10 in Axes
  5238 | D:8      | Found Wykke's Antique Weapon Shop.
  5251 | D:8      | Bought a broad axe for 92 gold pieces
  5369 | D:8      | Found a stormy altar of Qazlal.
  5491 | D:8      | Reached skill level 11 in Axes
  5491 | D:8      | Reached XP level 10. HP: 90/90 MP: 9/9
  6086 | D:9      | Noticed a two-headed ogre
  6106 | D:9      | Killed a two-headed ogre
  6391 | D:9      | Reached skill level 12 in Axes
  6790 | D:9      | Found a basalt altar of Yredelemnul.
  6873 | D:9      | Noticed a two-headed ogre
  6873 | D:9      | Noticed a purple ugly thing
  6874 | D:9      | Noticed a smoke demon
  6874 | D:9      | Noticed a gargoyle
  6874 | D:9      | Noticed a gargoyle
  6893 | D:9      | Killed a two-headed ogre
  6901 | D:9      | Killed a purple ugly thing
  6901 | D:9      | Reached XP level 11. HP: 57/99 MP: 10/10
  6920 | D:9      | Reached skill level 10 in Shields
  6928 | D:9      | Reached skill level 10 in Fighting
  6928 | D:9      | Reached skill level 10 in Armour
  7084 | D:9      | Got a warped bone ring
  7090 | D:9      | Identified the ring "Weapsit" {Fire *Contam rPois Str+2}
                  | (You found it on level 9 of the Dungeon)
  7119 | D:10     | Entered Level 10 of the Dungeon
  7166 | D:10     | Reached skill level 13 in Axes
  7167 | D:10     | Noticed a two-headed ogre
  7172 | D:10     | Killed a two-headed ogre
  7420 | D:10     | Found a staircase to the Lair.
  8099 | D:10     | Noticed a two-headed hydra
  8108 | D:10     | Killed a one-headed hydra
  8108 | D:10     | Reached skill level 14 in Axes
  8433 | D:11     | Found a staircase to the Orcish Mines.
  8602 | D:11     | Noticed a deep elf mage
  8609 | D:11     | Killed a deep elf mage
  8612 | D:11     | Reached XP level 12. HP: 93/110 MP: 11/11
  8735 | D:11     | Noticed Erolcha
  8750 | D:11     | Killed Erolcha
  8888 | D:11     | Got a crystal hand axe
  9350 | D:11     | Identified the +7 hand axe "Catzam" {drain, rElec rC-
                  | Dex+6} (You found it on level 11 of the Dungeon)
  9413 | D:11     | Identified a scroll of acquirement
  9413 | D:11     | Identified the ring "Bipte" {rElec rN+ MP+9 Str+3} (You
                  | acquired it on level 11 of the Dungeon)
  9462 | D:12     | Reached skill level 15 in Axes
  9577 | D:12     | HP: 4/110 [enormous slime creature (71)]
 10414 | D:12     | You fall into a shaft and drop 1 floor!
 10656 | D:13     | Noticed a tengu warrior
 10677 | D:13     | Killed a tengu warrior
 10824 | D:13     | Noticed Urug
 10825 | D:13     | Noticed Rupert
 10826 | D:13     | Found a gate to the Vaults.
 10826 | D:13     | Noticed a centaur warrior
 10843 | D:13     | Paralysed by Rupert for 3 turns
 10860 | D:13     | Paralysed by Rupert for 6 turns
 10869 | D:13     | Killed Rupert
 10869 | D:13     | Reached skill level 16 in Axes
 10869 | D:13     | Reached XP level 13. HP: 39/119 MP: 12/12
 10960 | D:13     | Killed Urug
 11403 | D:13     | Found Feoral's Gadget Boutique.
 12125 | Lair:1   | Entered Level 1 of the Lair of Beasts
 12356 | Lair:1   | Noticed Nergalle
 12367 | Lair:1   | Killed Nergalle
 12486 | Lair:2   | Reached skill level 17 in Axes
 12618 | Lair:2   | Found a staircase to the Shoals.
 12726 | Lair:2   | Noticed Maggie
 12745 | Lair:2   | Killed Maggie
 13331 | Lair:3   | Found a staircase to the Snake Pit.
 13383 | Lair:3   | Bought a +0 kite shield of protection for 161 gold pieces
 13396 | Lair:3   | Bought a pair of glowing gloves for 247 gold pieces
 13404 | Snake:1  | Entered Level 1 of the Snake Pit
 13529 | Snake:1  | Noticed Aizul
 13562 | Snake:1  | Killed Aizul
 13585 | Snake:1  | HP: 6/122 [poisoned by Aizul (bolt of poison)]
 13592 | Snake:1  | HP: 5/122 [poisoned by Aizul (bolt of poison)]
 13599 | Snake:1  | HP: 6/122 [poisoned by Aizul (bolt of poison)]
 13607 | Snake:1  | HP: 6/122 [poisoned by Aizul (bolt of poison)]
 14056 | Snake:2  | Reached skill level 15 in Armour
 14056 | Snake:2  | Reached XP level 14. HP: 92/129 MP: 13/13
 14367 | Snake:3  | Noticed a nagaraja
 14386 | Snake:3  | Killed a nagaraja
 14754 | Snake:3  | Noticed a nagaraja
 14766 | Snake:3  | Killed a nagaraja
 14999 | Snake:3  | Reached skill level 18 in Axes
 15086 | Snake:3  | HP: 3/130 [something (5)]
 15519 | Snake:4  | Entered Level 4 of the Snake Pit
 16363 | Snake:4  | Shot with a bolt by a naga sharpshooter

Levels and vault maps discovered:
D:1:      kilobyte_arrival_exit_the_forest, layout_basic,
          minmay_misc_feat_secret_circle, ashenzari_altar_1
D:2:      layout_basic, uniq_sigmund, uniq_natasha
D:3:      layout_basic, first_ration, minmay_close_crescents
D:4:      layout_gridville, nicolae_overflow_hidden_temple, serial_park_tiny_2
D:5:      layout_basic
D:6:      layout_rooms, minivault_22, minmay_ruffians
D:7:      layout_layer_cave, lemuel_crystal_altar, temple_green, serial_shops,
          shop, kennysheep_little_box, nemelex_dance_club_becter
D:8:      layout_basic, serial_shops, shop, basic_altar, uniq_harold
D:9:      minmay_the_grid_triangle_9x9_rhombus_thin
          [minmay_the_grid_triangle_9x9_negative_grid,
          minmay_the_grid_triangle_9x9_prize_insulated,
          minmay_the_grid_triangle_9x9_empty,
          minmay_the_grid_triangle_9x9_zippers_vertical], layout_long_grid,
          lemuel_zombie_altar_yredelemnul
D:10:     layout_basic, erik_lair_orcish_takeover, hangedman_ranch
          [blue_anna_fruit_fields]
D:11:     layout_long_grid, david_orc_4, enter_bailey_8, uniq_erolcha
D:12:     layout_loops_corners
D:13:     layout_roguey, david_vaults_3, serial_shops, shop_fountains
Lair:1:   layout_cave_pods, grunt_megastairs_4, uniq_sonja, uniq_nergalle
Lair:2:   layout_cave_pods, minmay_shoals_entry_beasts, uniq_maggie
Lair:3:   layout_cave_pods, minmay_snake_entry_six_corridors
Snake:1:  layout_chambers, uniq_aizul
Snake:2:  minmay_snake_river, layout_chambers, grunt_ministairs_7,
          serial_bayou_crossing, grunt_megastairs_2, uniq_agnes
Snake:3:  layout_onion, grunt_ministairs_8, minmay_shoptagon, grunt_megastairs_3
Snake:4:  snake_pit, layout_cave_town

Skill      XL: |  1  2  3  4  5  6  7  8  9 10 11 12 13 14 |
---------------+-------------------------------------------+-----
Axes           | 3 4 5 6 7 9 11 12 14 16 17 18 | 18.0
Fighting       | 4 5 6 7 8 9 11 12 13 14 | 14.5
Armour         | 4 5 6 7 8 9 11 13 15 16 | 16.8
Shields        | 4 5 6 7 8 9 11 12 13 14 | 14.4

Action                   |  1- 3 |  4- 6 |  7- 9 | 10-12 | 13-15 || total
-------------------------+-------+-------+-------+-------+-------++-------
Melee: War axe           |    51 |    46 |       |       |       ||    97
       Headbutt          |     9 |    21 |    36 |   152 |   144 ||   362
       Hand axe          |       |    62 |   225 |   624 |   592 ||  1503
Invok: Call Merchant     |       |       |       |     1 |     2 ||     3
       Potion Petition   |       |       |       |     1 |     1 ||     2
  Use: Scroll            |       |       |     9 |     9 |     7 ||    25
       Potion            |       |       |       |     4 |     3 ||     7
 Stab: Distracted        |       |       |       |     1 |       ||     1
       Petrified         |       |       |       |       |     3 ||     3
  Eat: Chunk             |       |     5 |     1 |       |       ||     6
       Ration            |       |       |     3 |     5 |     5 ||    13
Armor: Scale mail        |    21 |    39 |    51 |    78 |       ||   189
       Chain mail        |       |       |       |    70 |   146 ||   216
Dodge: Dodged            |    17 |    33 |    40 |   103 |    85 ||   278
Block: Kite shield       |    24 |    62 |    96 |   249 |   326 ||   757
       Reflection        |       |       |       |       |    25 ||    25

Table legend:
 A = Non-vault XP
 B = Vault XP
 C = Vault XP percentage of total XP
 D = Non-vault monster count
 E = Vault monster count
 F = Vault count percentage of total count
                 A         B        C        D         E       F
            +---------+---------+-------+---------+---------+-------
      Total |   64046 |   29455 |  31.5 |     385 |     105 |  21.4
            +---------+---------+-------+---------+---------+-------
        D:1 |      13 |       0 |   0.0 |       6 |       0 |   0.0
        D:2 |      11 |      35 |  76.1 |       5 |       1 |  16.7
        D:3 |     157 |       0 |   0.0 |       6 |       0 |   0.0
        D:4 |     356 |       0 |   0.0 |      20 |       0 |   0.0
        D:5 |     515 |       0 |   0.0 |      22 |       0 |   0.0
        D:6 |     841 |     951 |  53.1 |      21 |       5 |  19.2
        D:7 |     398 |     128 |  24.3 |      10 |       2 |  16.7
        D:8 |    1497 |    1013 |  40.4 |      25 |       1 |   3.8
        D:9 |    3630 |    3049 |  45.7 |      26 |      11 |  29.7
       D:10 |    4448 |    2952 |  39.9 |      35 |      17 |  32.7
       D:11 |    4385 |    1561 |  26.3 |      48 |      16 |  25.0
       D:12 |    6845 |       0 |   0.0 |      43 |       0 |   0.0
       D:13 |   10520 |    8078 |  43.4 |      51 |      19 |  27.1
     Lair:1 |    1770 |     804 |  31.2 |       7 |       1 |  12.5
     Lair:2 |    4765 |    1216 |  20.3 |      23 |       3 |  11.5
     Lair:3 |       0 |    1099 | 100.0 |       0 |      13 | 100.0
    Snake:1 |     924 |    1625 |  63.8 |       1 |       1 |  50.0
    Snake:2 |     484 |    3464 |  87.7 |       1 |       8 |  88.9
    Snake:3 |   10144 |    3308 |  24.6 |      13 |       6 |  31.6
    Snake:4 |   12343 |     172 |   1.4 |      22 |       1 |   4.3
            +---------+---------+-------+---------+---------+-------
